 Dungeon Crawl Stone Soup version 0.26-a0-689-gc93c913f66 (webtiles) character file.

Game seed: 17493976330783937828

235 Kinoniko the Slasher (level 6, -2/41 HPs)
             Began as a Halfling Gladiator on Oct 23, 2020.
             Slain by Grinder (4 damage)
             ... on level 4 of the Dungeon.
             The game lasted 00:04:13 (3907 turns).

Kinoniko the Slasher (Halfling Gladiator)           Turns: 3907, Time: 00:04:14

Health: -2/41      AC: 10    Str: 15    XL:     6   Next: 27%
Magic:  6/6        EV: 11    Int: 14    God:
Gold:   213        SH:  0    Dex: 16    Spells: 5/5 levels left

rFire    + . .     SeeInvis .   a - +0 long sword
rCold    . . .     Faith    .   (shield restricted)
rNeg     . . .     Spirit   .   m - +0 chain mail {rF+}
rPois    +         Reflect  .   c - +0 helmet
rElec    .         Harm     .   i - +0 cloak
rCorr    .         Rampage  .   (no gloves)
MR       .....                  (no boots)
Stlth    ..........             (no amulet)
HPRegen  0.13/turn              b - +6 ring of intelligence
MPRegen  0.10/turn              h - ring of poison resistance

@: no status effects
A: small, mutation resistance 1
a: no special abilities


You were on level 4 of the Dungeon.
You visited 1 branch of the dungeon, and saw 4 of its levels.

You collected 213 gold pieces.

Inventory:

Hand Weapons
 a - a +0 long sword (weapon)
Missiles
 d - 3 throwing nets (quivered)
Armour
 c - a +0 helmet (worn)
 i - a +0 cloak (worn)
 m - a +0 chain mail of fire resistance (worn)
Jewellery
 b - a +6 ring of intelligence (left hand)
 h - a ring of poison resistance (right hand)
 r - a +6 ring of strength {unknown}
Scrolls
 e - a scroll of teleportation
 g - a scroll of remove curse
 n - a scroll of identify


   Skills:
 - Level 2.5 Fighting
 * Level 5.2 Long Blades
 - Level 2.0 Throwing
 + Level 4.9 Dodging


You had 5 spell levels left.
You didn't know any spells.
Your spell library was empty.

Dungeon Overview and Level Annotations

Branches:
Dungeon (4/15)             Temple (0/1) D:4

Altars:

Shops:
D:4 :

Annotations:
D:4 Grinder


Innate Abilities, Weirdness & Mutations

You are small and have problems with some larger weapons.
You are somewhat resistant to further mutation.


Message History

You writhe in agony.
* * * LOW HITPOINT WARNING * * *
The sky beast hits you but does no damage.
Grinder hits you but does no damage.
The sky beast hits you but does no damage.
Grinder says, "DUCK!"
Grinder blinks!
You can move again.
The sky beast barely misses you.
Unknown command.
Grinder hits you but does no damage. The sky beast closely misses you.
You hit Grinder but do no damage. The sky beast closely misses you.
You riposte.
You slash the sky beast!
The sky beast is moderately wounded.
Grinder barely misses you.
You riposte.
You closely miss Grinder.
Unknown command.
You hit Grinder but do no damage. Grinder hits you.
* * * LOW HITPOINT WARNING * * *
You writhe in agony.
You die...

#...†...#.# #..∩......#
#.......### #####)###
##'#########***
#...........,,*
*****#...........,,*
*,,,,+....Y......,,*
***,**,#...@[......,,*
*,,,,*,#...5.......,,*
*,*,,*,##......####***
*,*,,*,*#####....,,,,*
*,****,* *......,,*
*,,,<*,******......,,* *****
******,,,,,,,......,,***,,,,
*******,,.....,,,,,,,,,
*,,,,,,,,,,**,***


You could see Grinder and a sky beast.

Vanquished Creatures
  An orc wizard (D:3)
  Natasha (thrice) (D:2)
  A worker ant (D:2)
  3 adders
  A worm (D:3)
  A dart slug (D:1)
  A leopard gecko (D:2)
  3 orcs
  10 goblins
  8 hobgoblins
  10 jackals (D:1)
  A quokka (D:3)
  3 ball pythons
  11 bats
  5 frilled lizards
  8 kobolds
  A quokka skeleton (D:4)
  10 rats
81 creatures vanquished.

Notes
Turn   | Place    | Note
-------+----------+-------------------------------------------
     0 | D:1      | Kinoniko the Halfling Gladiator began the quest for the
                  | Orb.
     0 | D:1      | Reached XP level 1. HP: 14/14 MP: 1/1
   250 | D:1      | Reached XP level 2. HP: 5/19 MP: 2/2
   800 | D:1      | Reached XP level 3. HP: 24/24 MP: 3/3
  1429 | D:2      | Reached XP level 4. HP: 30/30 MP: 4/4
  1553 | D:2      | Reached skill level 4 in Long Blades
  1769 | D:2      | Reached XP level 5. HP: 34/35 MP: 5/5
  1919 | D:2      | Noticed Natasha
  1925 | D:2      | Killed Natasha
  2048 | D:2      | Noticed Natasha
  2064 | D:2      | Killed Natasha
  2546 | D:2      | Noticed Natasha
  2554 | D:2      | Killed Natasha
  2968 | D:3      | Reached skill level 5 in Long Blades
  2968 | D:3      | Reached XP level 6. HP: 21/41 MP: 6/6
  3854 | D:4      | Found Ekhleeng's Book Boutique.
  3882 | D:4      | Noticed Grinder
  3882 | D:4      | Noticed a sky beast
  3890 | D:4      | Paralysed by Grinder for 2 turns
  3898 | D:4      | Paralysed by Grinder for 6 turns
  3907 | D:4      | HP: 2/41 [Grinder (3)]
  3907 | D:4      | Slain by Grinder

Illustrated notes

Levels and vault maps discovered:
D:1:      ncdulo_lavacross, layout_basic
D:2:      layout_loops_cross, minmay_misc_feat_square, uniq_natasha
D:3:      layout_loops_ring, hangedman_feature_mirror
D:4:      layout_basic, minmay_temple_entry_purple_smoke, serial_shops, shop,
          enter_ossuary_4, chequers_serial_rivers_marsh, uniq_grinder

Skill      XL: |  1  2  3  4  5 |
---------------+----------------+-----
Fighting       | 2 |  2.5
Dodging        | 4 |  4.9
Long Blades    | 4 5 |  5.2
Throwing       | |  2.0

Action                   |  1- 3 |  4- 6 || total
-------------------------+-------+-------++-------
Melee: Long sword        |    78 |   141 ||   219
  Use: Scroll            |       |     6 ||     6
       Potion            |       |     6 ||     6
Armor: Leather armour    |    10 |       ||    10
       Ring mail         |    12 |    23 ||    35
       Skin              |       |     1 ||     1
       Chain mail        |       |    38 ||    38
Dodge: Dodged            |    68 |   129 ||   197
       Rpst.: Long sword |    28 |    41 ||    69

Table legend: (Time is in decaauts)
 A = Elapsed time spent in this place.
 B = Non-inter-level travel time spent in this place.
 C = Inter-level travel time spent in this place.
 D = Time resting spent in this place.
 E = Time spent auto-exploring this place.
 F = Levels seen in this place.
 G = Mean time per level.
                   A        B        C        D        E       F      G
               +--------+--------+--------+--------+--------+-----+--------+
         Total |   3972 |   3570 |    402 |   1089 |   1936 |   4 |  993.0 |
       Dungeon |   3972 |   3570 |    402 |   1089 |   1936 |   4 |  993.0 |
               +--------+--------+--------+--------+--------+-----+--------+

Top non-repeatable levels by time:
     D:2: 1622 daAuts
     D:1: 1256 daAuts
     D:3: 1034 daAuts
     D:4: 59 daAuts
